Cogmind - Beta 13 @@@ ROGUE MODE // 2024.07.19 @ 00:33:49 Player: lyrabold Result: Self-destructed Performance ------------- Evolutions (6) 3000 Regions Visited (28) 5600 Robots Destroyed (534) 2670 Value Destroyed (23001) 23001 Prototype IDs (91) 1820 Alien Tech Used (3) 600 Bonus (5766) 5766 TOTAL SCORE: 42457 Bonus ------- High Alert Combat Kills 1926 Follower Combat Kills 1042 Network Hubs Disabled 400 Aligned with FarCom 300 Met Imprinter 300 Destroyed Z-Imprinter 1000 Triggered Deep Caves Wall 500 Exposed GOLEM Chamber 500 Met Zhirov 300 Met Warlord at Base 500 Friendly Fire -1002 Cogmind --------- Core Integrity 841/1150 Matter 187/300 Energy 1100/1100 System Corruption 0% Temperature Cool (0) Movement Walking (240) Ox3 Location -3/Proximity Caves Parts ------- > --- POWER (2) -------- Assembled Flux Generator > --- PROPULSION (4) --- Centrium Heavy Treads Assembled Alloy Leg Assembled Alloy Leg > --- UTILITY (11) ----- Advanced Cooling System Cargo Storage Unit Assembled Biocell Array Assembled Combat Suite Armor Integrity Analyzer Quantum Capacitor Assembled Alloy Armor > --- WEAPON (2) ------- Assembled Focal Cannon > --- INVENTORY (30) --- Heavy Antimatter Reactor Advanced Coolant Injector Zionite Biocell (600) Superbattery (1500) Matter Compressor (250) Makeshift Trap Scanner Experimental Terrain Scan Processor Improved Kinecellerator Improved Weapon Cycler Experimental Utility Shielding Hardened Heavy Armor Plating Advanced Force Field Long-range Tractor Beam GOLEM Unit EMDS Heavy Phase Cannon Vortex Cannon (17) Heavy Mass Driver Heavy Mass Driver Precision Rocket Launcher Peak State ------------ > --- POWER ------------ Assembled Flux Generator > --- PROPULSION ------- Enhanced Biometal Leg Enhanced Biometal Leg Assembled Alloy Leg Assembled Alloy Leg > --- UTILITY ---------- Assembled Nanovents Assembled Nanovents Assembled Nanovents Cargo Storage Unit Assembled Biocell Array Enhanced Optical Array Assembled Combat Suite Assembled Alloy Armor GOLEM Unit > --- WEAPON ----------- Assembled Focal Cannon Assembled Focal Cannon > --- INVENTORY -------- Heavy Antimatter Reactor Centrium Heavy Treads Advanced Cooling System Improved Coolant Injector Zionite Biocell Superbattery Matter Compressor Experimental Terrain Scan Processor Particle Accelerator Improved Kinecellerator Improved Weapon Cycler Experimental Utility Shielding Improved Focal Shield Experimental EM Disruption Field Advanced Force Field Advanced Force Field Improved Hacking Suite Advanced Hacking Suite Long-range Tractor Beam GOLEM Unit Transdimensional Reconstructor Long-range Proton Cannon EMDS Heavy Phase Cannon Heavy Mass Driver Precision Rocket Launcher [Rating: 169] Favorites ----------- Power Assembled Flux Generator Engine Improved Deuterium Engine Power Core Micro Fission Core Reactor Assembled Flux Generator Propulsion Assembled Alloy Leg Treads Armored Treads Leg Assembled Alloy Leg Wheel Armored Wheel Utility Assembled Biocell Array Device GOLEM Unit Storage Assembled Biocell Array Processor Machine Analyzer Hackware Hacking Suite Protection Assembled Alloy Armor Weapon Assembled Focal Cannon Energy Gun Gatling Laser Energy Cannon Assembled Focal Cannon Ballistic Gun Improved Assault Rifle Ballistic Cannon Mini Assault Cannon Launcher Heavy Rocket Launcher Special Weapon Mining Laser Impact Weapon Great Maul Piercing Weapon CR-A16's Pointy Stick Special Melee Weapon Improved Datajack Build | -11 -10 -10 -9 -9 -9 -8 -8 -7 -7 -7 -7 -7 -6 -6 -6 -6 -6 -6 -5 -5 -5 -5 -4 -4 -4 -4 -4 -3 ------- Run | Yrd Mat Min Mat Min Exi Min Mat Fac Low Low Zio Dee Pro Fac Ext Cet Arc Hub Fac Upp Upp Zhi Pro Fac Upp Upp War Pro Slots Evolved 12 | . . . 2 . . . 2 2 . . . . . 2 . . . . 2 . . . . 2 . . . . Power 1 | . . . . . . . . . . . . . . 1 . . . . . . . . . . . . . . Propulsion 2 | . . . 1 . . . 1 . . . . . . . . . . . . . . . . . . . . . Utility 9 | . . . 1 . . . 1 2 . . . . . 1 . . . . 2 . . . . 2 . . . . Weapon . | . . . . . . . . . . . . . . . . . . . . . . . . . . . . . Parts Attached 406 | 7 25 6 52 23 . 18 45 73 15 2 9 37 2 10 2 1 3 11 12 . 5 5 4 19 9 2 9 . Power 26 | 1 1 2 5 1 . . 2 4 . . . 4 1 . . . . 3 1 . . 1 . . . . . . Engine 16 | 1 1 1 5 1 . . 2 3 . . . 2 . . . . . . . . . . . . . . . . Core 3 | . . 1 . . . . . 1 . . . . . . . . . . 1 . . . . . . . . . Reactor 7 | . . . . . . . . . . . . 2 1 . . . . 3 . . . 1 . . . . . . Propulsion 61 | 2 2 . 16 1 . 2 9 6 2 . 2 5 . 6 . 1 . 1 2 . . . 1 1 1 . 1 . Treads 52 | 2 . . 13 1 . 2 9 6 2 . 2 5 . 5 . 1 . 1 . . . . . 1 1 . 1 . Leg 5 | . . . 2 . . . . . . . . . . . . . . . 2 . . . 1 . . . . . Wheel 4 | . 2 . 1 . . . . . . . . . . 1 . . . . . . . . . . . . . . Hover . | . . . . . . . . . . . . . . . . . . . . . . . . . . . . . Flight . | . . . . . . . . . . . . . . . . . . . . . . . . . . . . . Utility 136 | 2 2 . 8 9 . . 7 38 4 . . 13 . 1 2 . 3 3 9 . 2 3 1 16 7 1 5 . Device 80 | 1 . . 1 4 . . 2 28 4 . . 3 . . 1 . . 2 4 . 1 3 1 13 7 1 4 . Storage 13 | 1 2 . 1 . . . . 1 . . . 2 . . . . 1 . 2 . 1 . . 2 . . . . Processor 5 | . . . . . . . . 2 . . . 1 . . . . . . 1 . . . . . . . 1 . Hackware 4 | . . . . . . . . 1 . . . . . 1 . . . . 1 . . . . 1 . . . . Protection 34 | . . . 6 5 . . 5 6 . . . 7 . . 1 . 2 1 1 . . . . . . . . . Artifact . | . . . . . . . . . . . . . . . . . . . . . . . . . . . . . Weapon 183 | 2 20 4 23 12 . 16 27 25 9 2 7 15 1 3 . . . 4 . . 3 1 2 2 1 1 3 . Energy Gun 15 | 1 3 . 1 . . . 2 8 . . . . . . . . . . . . . . . . . . . . Energy Cannon 23 | . . . . 2 . 1 . 2 1 1 . 5 . . . . . 3 . . 1 1 1 2 . . 3 . Ballistic Gun 45 | 1 11 3 13 . . . 17 . . . . . . . . . . . . . . . . . . . . . Ballistic Cannon 31 | . . . . 5 . 7 . 7 4 1 3 2 . 1 . . . . . . 1 . . . . . . . Launcher 44 | . 3 . 7 5 . 8 2 4 4 . 1 4 1 1 . . . 1 . . 1 . 1 . 1 . . . Special Weapon 5 | . 3 1 . . . . . . . . . . . . . . . . . . . . . . . 1 . . Impact Weapon 14 | . . . 2 . . . 6 4 . . 1 1 . . . . . . . . . . . . . . . . Slashing Weapon . | . . . . . . . . . . . . . . . . . . . . . . . . . . . . . Piercing Weapon 4 | . . . . . . . . . . . 1 3 . . . . . . . . . . . . . . . . Special Melee Weapon 2 | . . . . . . . . . . . 1 . . 1 . . . . . . . . . . . . . . Unidentified Prototypes 25 | . . . 2 . . . 2 4 . . . 4 . 1 . 1 . 3 1 . . 5 . . . . 2 . Parts Lost 46 | . 1 . 2 3 . 2 5 4 4 . . 12 1 4 . . . 3 . . . 1 . 1 1 . 2 . Power 5 | . . . . 1 . . . 1 . . . 1 1 . . . . 1 . . . . . . . . . . Propulsion 20 | . . . . 1 . 2 2 2 2 . . 5 . 4 . . . 1 . . . . . . 1 . . . Utility 15 | . . . 1 1 . . 1 1 2 . . 6 . . . . . 1 . . . . . . . . 2 . Weapon 6 | . 1 . 1 . . . 2 . . . . . . . . . . . . . . 1 . 1 . . . . Highest Loss Streak 4 | . 1 . 1 2 . 2 3 1 2 . . 4 1 2 . . . 2 . . . 1 . 1 1 . 2 . To Critical Strikes . | . . . . . . . . . . . . . . . . . . . . . . . . . . . . . Average Slot Usage (%) 88 | . 99 99 99 99 100 100 98 95 89 92 92 93 84 77 79 74 73 75 86 88 87 80 86 78 77 77 72 . Engine 4 | . 14 6 8 11 11 11 9 6 7 7 7 4 2 . . . . . . . . . . . . . . . Reactor 3 | . . . . . . . . . . . . 2 4 6 6 6 6 8 10 5 5 8 9 5 5 5 5 . Treads 17 | . 25 . 24 32 33 33 35 29 28 30 30 27 15 10 13 7 6 6 . . . . . . 8 10 7 . Leg 8 | . . . 2 . . . . . . . . 1 15 13 13 13 13 13 21 23 23 23 23 21 11 9 10 . Device 11 | . 14 14 5 . . . 4 15 13 15 15 10 7 6 6 6 6 8 8 11 10 13 17 21 25 26 23 . Storage 10 | . 14 14 11 11 11 11 9 7 7 7 7 7 14 13 13 13 13 13 10 11 11 11 11 9 9 10 10 . Processor 3 | . . . . . . . . 7 7 7 7 7 7 6 6 6 6 6 3 5 5 5 5 4 . . . . Hackware 1 | . . . . . . . . 6 . . . . . 5 . . . . 2 . . . . . . . . . Protection 8 | . . . 15 20 22 22 22 6 7 7 7 13 . . 5 6 6 3 10 11 11 7 5 5 4 5 5 . Energy Gun 1 | . 3 . 5 . . . . 6 . . . . . . . . . . . . . . . . . . . . Energy Cannon 6 | . . . . 3 11 11 2 . . . . 3 14 12 13 13 13 12 11 11 10 4 10 9 9 9 8 . Ballistic Gun 3 | . 20 27 15 15 . . 14 . . . . . . . . . . . . . . . . . . . . . Ballistic Cannon 2 | . . . . 2 11 10 . 4 14 14 11 6 . . . . . . . . . . . . . . . . Naked Turns . | . . . . . . . . . . . . . . . . . . . . . . . . . . . . . Heaviest Build 241 | 15 52 52 100 102 102 102 111 125 124 124 124 180 182 212 220 220 220 219 240 233 233 232 234 241 241 241 241 . Greatest Support 140 | 40 40 24 60 60 60 60 84 91 91 80 80 94 60 60 60 60 60 60 140 120 120 120 120 120 90 60 60 . Greatest Overweight (x) 8 | . 4 2 8 2 1 1 1 1 1 1 1 5 3 3 3 3 3 3 3 1 1 1 1 2 8 4 4 . Average Overweight (x) 1 | . . 2 1 1 1 1 1 1 1 1 1 1 2 3 2 3 3 3 1 1 1 1 1 1 3 3 3 . Largest Inventory Capacity 30 | 8 20 20 25 25 25 25 25 25 25 25 25 30 30 30 30 30 30 30 30 30 30 30 30 30 30 30 30 . Average Capacity 26 | 7 14 20 24 25 25 25 25 25 25 25 25 25 30 30 30 30 30 30 29 30 30 30 30 29 30 30 30 . Most Carried 30 | 7 20 20 25 25 23 24 25 25 25 25 25 26 24 30 30 30 30 30 30 30 30 30 30 30 30 30 30 . Average Carried 26 | 4 12 19 24 24 22 21 24 24 24 24 24 23 23 27 29 29 30 29 28 30 29 29 29 28 29 29 29 . Final Capacity 30 | 8 20 20 25 25 25 25 25 25 25 25 25 30 30 30 30 30 30 30 30 30 30 30 30 30 30 30 30 30 Final Carried 30 | 7 20 20 25 22 23 23 25 25 23 25 25 24 23 30 30 30 30 30 30 30 29 30 29 30 30 30 25 25 Class Distribution -------------------- 34% | Mutant 32% | Hauler-Golem 15% | Scavenger-Mutant 12% | Hauler-Mutant Dominant Class ---------------- Mutant | -10/Materials Mutant | -10/Mines Mutant | -9/Materials Mutant | -9/Mines Mutant | -9/Exiles Mutant | -8/Mines Mutant | -8/Materials Scavenger-Mutant | -7/Factory Scavenger-Mutant | -7/Lower Caves Scavenger-Mutant | -7/Lower Caves Mutant | -7/Zion Mutant | -7/Deep Caves Hauler-Golem | -6/Proximity Caves Hauler-Golem | -6/Factory Hauler-Golem | -6/Extension Commander-Golem | -6/Cetus Hauler-Golem | -6/Archives Hauler-Golem | -6/Hub_04(d) Hauler-Mutant | -5/Factory Hauler-Mutant | -5/Upper Caves Hauler-Mutant | -5/Upper Caves Hauler-Golem | -5/Zhirov Hauler-Golem | -4/Proximity Caves Hauler-Golem | -4/Factory Hauler-Golem | -4/Upper Caves Hauler-Golem | -4/Upper Caves Hauler-Golem | -4/Warlord Hauler-Golem | -3/Proximity Caves Resources | -11 -10 -10 -9 -9 -9 -8 -8 -7 -7 -7 -7 -7 -6 -6 -6 -6 -6 -6 -5 -5 -5 -5 -4 -4 -4 -4 -4 -3 ----------- Run | Yrd Mat Min Mat Min Exi Min Mat Fac Low Low Zio Dee Pro Fac Ext Cet Arc Hub Fac Upp Upp Zhi Pro Fac Upp Upp War Pro Matter Collected 9329 | 327 475 264 1064 322 . 482 1310 2028 318 259 54 802 66 135 20 10 30 193 111 28 353 . 172 268 185 53 . . Remotely 1014 | . . . . 253 . . . 716 . . . . . . . . . . . . . . . . 45 . . . Salvage Created 24341 | 201 836 353 1742 78 . 612 2014 2624 263 240 . 1450 220 1917 680 . 222 1767 2761 617 976 . 668 2489 896 236 479 . Parts 1212 | 19 54 20 113 8 . 45 134 107 13 8 . 35 18 101 26 . 8 81 131 33 44 . 30 124 29 25 6 . Haulers Intercepted 19 | . 2 . 5 . . . 5 4 . . . . . . . . . . 2 . . . . 1 . . . . Recyclers Shooed 18 | . 1 . 3 . . 1 3 7 . . . . . . . . . . 1 . . . . 2 . . . . Parts Field Recycled . | . . . . . . . . . . . . . . . . . . . . . . . . . . . . . Retrieved Matter . | . . . . . . . . . . . . . . . . . . . . . . . . . . . . . Parts Self-Destructed 183 | . . . . . . . . . 10 . 4 . 16 . . . . . . 33 43 . 25 . 27 25 . . Prevented 4 | . . . . . . . . . . 3 . . . . . . . . . . . . 1 . . . . . Kills | -11 -10 -10 -9 -9 -9 -8 -8 -7 -7 -7 -7 -7 -6 -6 -6 -6 -6 -6 -5 -5 -5 -5 -4 -4 -4 -4 -4 -3 ------- Run | Yrd Mat Min Mat Min Exi Min Mat Fac Low Low Zio Dee Pro Fac Ext Cet Arc Hub Fac Upp Upp Zhi Pro Fac Upp Upp War Pro Combat Hostiles Destroyed 473 | . 16 7 36 15 . 21 37 53 12 3 . 56 9 31 12 . 3 26 36 10 18 . 13 30 16 6 7 . Melee 6 | . . . . . . . . . . . . 6 . . . . . . . . . . . . . . . . Guns 81 | . 10 7 16 . . . 33 15 . . . . . . . . . . . . . . . . . . . . Cannons 241 | . . . . 2 . 4 1 30 3 3 . 8 6 31 12 . 2 21 34 10 15 . 9 25 12 6 7 . AOE 135 | . 6 . 20 13 . 17 3 8 9 . . 40 3 . . . . 5 1 . 2 . 4 . 4 . . . Classes Destroyed 25 | 2 8 . 4 1 . 1 1 1 1 . . 3 1 . . . . . . . 1 . . . . . 1 . Worker 19 | . 2 1 3 . . 1 1 3 . . . . . 1 . . . 1 2 . . . . 4 . . . . Builder 14 | . 2 . 1 2 . 1 2 3 . . . . . 1 . . . . 1 . . . . 1 . . . . Tunneler 9 | 5 . . 1 1 . . . . . . . . . . . . . 2 . . . . . . . . . . Hauler 19 | . 2 . 5 . . . 5 4 . . . . . . . . . . 2 . . . . 1 . . . . Recycler 29 | 1 2 . 4 . . 5 3 8 . . . . . 2 . . . 1 3 . . . . . . . . . Minesweeper 1 | . . . . . . . . . . . . . . . . . . . . . 1 . . . . . . . Mechanic 7 | . 1 1 . . . . 1 2 . . . . . 1 . . . . . . . . . 1 . . . . Operator 4 | . 1 . 1 . . . 1 . . . . . . . . . . . . . . . . 1 . . . . Watcher 26 | . 3 . 3 . . . 3 4 . . . . . . 3 . . 3 3 . . . . 4 . . . . Swarmer 99 | . 6 . 8 . . 16 15 4 4 . . . 8 7 4 . . 1 5 . 4 . 5 5 2 5 . . Grunt 157 | . 10 7 15 . . 3 13 35 7 . . . . 10 3 . . 12 16 4 12 . 2 3 5 . . . Brawler 10 | . . . 4 . . . . . . . . . . 1 . . . . 1 . 1 . . . 3 . . . Duelist 9 | . . . 4 . . . 1 1 . . . . . . . . . . 1 . . . . . 2 . . . Protector 3 | . . . 2 . . . . . . . . . . . . . . 1 . . . . . . . . . . Sentry 42 | . . . 4 . . . 7 2 . . . . . 6 4 . 3 4 3 . 1 . 1 5 2 . . . Hunter 34 | . . . . . . 2 . 4 1 . . . . 3 . . . 3 4 3 . . 4 10 . . . . Programmer 28 | . . . . . . . . 7 . . . . . 3 . . . 1 6 3 . . . 6 2 . . . Heavy 3 | . . . . . . . 1 . . . . . . 1 . . . . . . . . . 1 . . . . Behemoth 4 | . . . . . . . . . . . . . 1 . 1 . . . . . . . 1 . . 1 . . Lightning 4 | . . . . . . . . . . . . . . . . . . 4 . . . . . . . . . . Z-Light 7 | . . . . . . . . . . . . 7 . . . . . . . . . . . . . . . . Assembler 2 | . . . . . . . . . . . . 2 . . . . . . . . . . . . . . . . Assembled 55 | . . . . 14 . . . . . . . 41 . . . . . . . . . . . . . . . . Golem 8 | . . . . . . . . . . . . 8 . . . . . . . . . . . . . . . . Thug 4 | . . . . . . . . . . . . . . . . . . . . . . . . . . . 4 . Savage 2 | . . . . . . . . . . 2 . . . . . . . . . . . . . . . . . . Butcher 2 | . . . . . . . . . . 2 . . . . . . . . . . . . . . . . . . Mutant 2 | . . . . . . . . . 1 1 . . . . . . . . . . . . . . . . . . Knight 2 | . . . . . . . . . . . . . . . . . . . . . . . . . . . 2 . Best Kill Streak 37 | 5 5 2 10 14 . 9 7 6 7 2 . 37 4 7 3 . 3 9 5 4 10 . 6 11 8 5 7 . Combat Bots Only 35 | . 3 2 8 11 . 9 7 5 7 2 . 35 4 6 3 . 3 7 5 4 9 . 6 9 7 5 7 . Max Kills in Single Turn 20 | 1 2 2 3 3 . 3 3 3 3 1 . 20 2 2 1 . 1 2 2 1 2 . 3 1 2 1 1 . Gunslinging 1 | . . 1 . . . . . 1 . . . . . . . . . . . . . . . . . . . . Exploded 20 | . 2 . 3 2 . 3 3 3 3 . . 20 2 . . . . 2 1 . 2 . 3 . 2 . . . Melee 1 | . . . . . . . . . . . . 1 . . . . . . . . . . . . . . . . Uniques/NPCs Destroyed 3 | . . . . 1 . . . . . . . 1 . . . . . . . . . . . . . . 1 . YI-UF0 (-9/Mines) Z-Imprinter (-7/Deep Caves) Warlord (-4/Warlord) Combat | -11 -10 -10 -9 -9 -9 -8 -8 -7 -7 -7 -7 -7 -6 -6 -6 -6 -6 -6 -5 -5 -5 -5 -4 -4 -4 -4 -4 -3 -------- Run | Yrd Mat Min Mat Min Exi Min Mat Fac Low Low Zio Dee Pro Fac Ext Cet Arc Hub Fac Upp Upp Zhi Pro Fac Upp Upp War Pro Hostile Shots Fired 2138 | . 68 34 102 43 . 59 168 244 52 2 . 120 36 216 119 . 16 219 114 41 61 . 85 133 72 16 118 . Missed 696 | . 17 6 34 10 . 17 47 76 18 . . 25 12 85 46 . 3 46 43 24 28 . 37 53 26 9 34 . Damage Taken 22409 | . 596 395 1192 930 . 675 1891 2499 538 81 . 2506 496 1560 675 . 322 3339 1045 124 229 . 400 1310 473 73 1060 . Core 1989 | . 88 74 204 27 . 133 140 175 15 . . 156 26 199 91 . 76 253 43 . 7 . 61 103 39 5 74 . Absorbed by Shields 2015 | . . . . . . . . . . . . . . . . . . 8 127 134 248 . 426 135 306 77 554 . Reduced by Siege Mode 332 | . . . . . . . . . . . . . . . . . 14 208 . . . . . . . . 110 . Redirected to Shielding 216 | . . . . . . . 21 . . . . 195 . . . . . . . . . . . . . . . . Ignored by Resistances 1792 | . . . . . . . . . . . . . . . . . . 245 295 53 97 . 169 293 229 31 380 . Regen/Repaired (Parts) 291 | . . . 95 . . . . . . . 196 . . . . . . . . . . . . . . . . . Core Remaining (%) 54 | 100 . 35 . . . 9 74 . . . . . 46 . . . . 27 . . . . 88 . . . . . Volleys Fired 1389 | 19 75 38 93 31 . 33 126 211 24 21 . 43 14 82 31 6 12 77 110 15 36 . 37 146 58 16 35 . Largest 2 | 2 2 2 2 2 . 2 2 2 2 2 . 2 2 2 2 1 2 2 2 2 2 . 2 2 2 2 1 . Hottest 160 | 70 100 100 79 107 . 107 99 160 96 96 . 125 50 73 50 25 50 130 50 50 115 . 106 88 50 25 50 . Shots Fired 2241 | 36 137 68 170 42 . 51 246 294 36 32 . 78 25 150 58 6 23 146 192 30 70 . 71 159 68 18 35 . Gun 711 | 36 125 60 155 . . . 222 113 . . . . . . . . . . . . . . . . . . . . Cannon 1410 | . . . . 26 . 36 21 169 26 32 . 65 23 150 58 6 23 142 192 30 68 . 68 159 65 16 35 . Launcher 104 | . 6 . 15 16 . 15 3 12 10 . . 13 2 . . . . 4 . . 2 . 3 . 3 . . . Special 16 | . 6 8 . . . . . . . . . . . . . . . . . . . . . . . 2 . . Kinetic 800 | 19 88 60 118 11 . 18 225 158 24 22 . 50 . 7 . . . . . . . . . . . . . . Thermal 1202 | 17 34 8 37 15 . 18 18 113 2 10 . 2 23 143 58 6 23 142 192 30 68 . 66 86 65 16 10 . Explosive 104 | . 6 . 15 16 . 15 3 12 10 . . 13 2 . . . . 4 . . 2 . 3 . 3 . . . Electromagnetic 108 | . 9 . . . . . . 11 . . . 13 . . . . . . . . . . 2 73 . . . . Entropic 25 | . . . . . . . . . . . . . . . . . . . . . . . . . . . 25 . Robot Hit Streak 34 | 5 8 8 12 8 . 6 19 30 5 13 . 14 4 12 13 . 14 16 34 11 16 . 15 15 16 10 12 . Robot Miss Streak 7 | 3 4 4 6 3 . 3 5 5 3 2 . 4 3 7 1 . 1 4 3 1 2 . 1 4 3 1 1 . Penetration Max . | . . . . . . . . . . . . . . . . . . . . . . . . . . . . . Secondary Targets 12 | . 1 1 2 . . . 5 3 . . . . . . . . . . . . . . . . . . . . Max Gunslinging Chain 1 | . 1 1 1 . . . 1 1 . . . . . . . . . . . . . . . . . . . . Capacitor 230 | . . . . . . . . . . . . . . . . . . . . . . . . 135 45 15 35 . Shots Hit Robots 1434 | 20 77 40 105 19 . 26 166 188 20 22 3 73 11 91 43 . 20 101 120 18 48 . 42 106 39 14 22 . Core Hits 954 | 7 48 13 94 28 . 32 84 132 21 9 . 125 10 42 19 . 6 62 57 14 25 . 23 54 28 7 14 . Critical Kills 3 | . 1 . . . . . 1 . . . . . . . . . . . . . 1 . . . . . . . Critical Parts Destroyed 1 | 1 . . . . . . . . . . . . . . . . . . . . . . . . . . . . Critical Strikes 33 | 2 2 . 3 . . . 2 13 . 1 . . . . . . . . . . 1 . . 3 . . 6 . Burn 5 | 1 1 . 3 . . . . . . . . . . . . . . . . . . . . . . . . . Meltdown 1 | . . . . . . . . . . . . . . . . . . . . . 1 . . . . . . . Destroy 3 | 1 1 . . . . . 1 . . . . . . . . . . . . . . . . . . . . . Blast 15 | . . . . . . . 1 13 . 1 . . . . . . . . . . . . . . . . . . Corrupt 3 | . . . . . . . . . . . . . . . . . . . . . . . . 3 . . . . Sunder 6 | . . . . . . . . . . . . . . . . . . . . . . . . . . . 6 . Melee Attacks 94 | . . . 3 . . . 13 6 . . 15 56 . 1 . . . . . . . . . . . . . . Impact 35 | . . . 3 . . . 13 6 . . 12 1 . . . . . . . . . . . . . . . . Slashing . | . . . . . . . . . . . . . . . . . . . . . . . . . . . . . Piercing 55 | . . . . . . . . . . . . 55 . . . . . . . . . . . . . . . . Sneak Attacks 4 | . . . . . . . . . . . 3 . . 1 . . . . . . . . . . . . . . Combat Hostiles . | . . . . . . . . . . . . . . . . . . . . . . . . . . . . . Follow-up Attacks . | . . . . . . . . . . . . . . . . . . . . . . . . . . . . . Damage Inflicted 63254 | 275 1362 609 3642 1335 . 1501 3123 8502 1634 599 . 5311 875 4502 2069 . 798 5263 6023 945 2509 . 2520 5183 2426 549 1699 . Guns 7958 | 275 916 590 1637 . . . 2607 1933 . . . . . . . . . . . . . . . . . . . . Cannons 39495 | . . . . 307 . 404 237 4948 366 599 . 932 521 4467 2022 . 798 4340 5796 945 2142 . 2014 4689 1720 549 1699 . Explosions 13634 | . 418 . 1974 1028 . 1022 225 1514 1268 . . 2912 354 . . . . 874 177 . 367 . 506 289 706 . . . Melee 1467 | . . . . . . . . . . . . 1467 . . . . . . . . . . . . . . . . Ramming 700 | . 28 19 31 . . 75 54 107 . . . . . 35 47 . . 49 50 . . . . 205 . . . . Kinetic 11934 | 161 657 590 1298 206 . 181 2671 4732 314 330 . 685 . 109 . . . . . . . . . . . . . . Thermal 32112 | 114 160 . 339 158 . 223 173 2127 52 269 . 28 521 4358 2022 . 798 4340 5796 945 2142 . 1978 3300 1720 549 . . Explosive 13288 | . 418 . 1974 971 . 1022 225 1514 1268 . . 2912 354 . . . . 874 177 . 367 . 506 . 706 . . . Electromagnetic 2054 | . 99 . . . . . . 22 . . . 219 . . . . . . . . . . 36 1678 . . . . Impact 87 | . . . . . . . . . . . . 87 . . . . . . . . . . . . . . . . Slashing . | . . . . . . . . . . . . . . . . . . . . . . . . . . . . . Piercing 1380 | . . . . . . . . . . . . 1380 . . . . . . . . . . . . . . . . Entropic 1699 | . . . . . . . . . . . . . . . . . . . . . . . . . . . 1699 . Highest Corruption 20 | . . . . . . . 2 2 . . . . . 1 1 . . 20 . 1 1 1 1 2 2 2 2 . Average Corruption 2 | . . . . . . . 1 1 . . . . . 1 1 . . 19 . 1 1 1 1 1 2 2 2 . Corruption Purged 6 | . . . . . . . . 5 . . . . . . 1 . . . . . . . . . . . . . Corruption Blocked . | . . . . . . . . . . . . . . . . . . . . . . . . . . . . . Effects 143 | . . . . . . . 6 3 . . . . . 4 . . . 29 . 10 15 3 13 8 38 14 . . Message Errors 35 | . . . . . . . 1 2 . . . . . . . . . 7 . 2 4 2 3 . 11 3 . . Matter Fused 40 | . . . . . . . 3 1 . . . . . 2 . . . 6 . 2 4 . 4 4 9 5 . . Heat Flow Errors 17 | . . . . . . . 1 . . . . . . 1 . . . 4 . . . 1 2 2 3 3 . . Energy Discharges 18 | . . . . . . . . . . . . . . 1 . . . 1 . 2 3 . 2 . 7 2 . . Parts Rejected 3 | . . . . . . . . . . . . . . . . . . 2 . . . . 1 . . . . . Data Loss (minor) 13 | . . . . . . . 1 . . . . . . . . . . 3 . 1 2 . 1 . 5 . . . Data Loss (major) 7 | . . . . . . . . . . . . . . . . . . 3 . 1 1 . . 1 1 . . . Misfires 5 | . . . . . . . . . . . . . . . . . . 1 . 1 1 . . 1 . 1 . . Alerts 4 | . . . . . . . . . . . . . . . . . . 1 . 1 . . . . 2 . . . Weapon Failures 1 | . . . . . . . . . . . . . . . . . . 1 . . . . . . . . . . Overload Shots 5 | . . . . . . . . . . . . . . . . . . 5 . . . . . . . . . . Overflow Damage 1988 | . . . 55 40 . 43 . 419 104 . . 67 . 228 120 . 15 122 235 41 70 . 63 311 26 29 . . Projectiles 1616 | . . . . 15 . . . 398 . . . 4 . 228 120 . 15 120 235 41 68 . 50 271 22 29 . . Explosions 319 | . . . 55 25 . 38 . 21 104 . . 56 . . . . . . . . 2 . 13 1 4 . . . Melee 53 | . . . . . . 5 . . . . . 7 . . . . . 2 . . . . . 39 . . . . Knockbacks 57 | . . 1 . 4 . 3 1 32 3 2 . 7 . 2 1 . . 1 . . . . . . . . . . Impact 6 | . . 1 . . . . 1 1 . . . 1 . . 1 . . 1 . . . . . . . . . . Kinetic 46 | . . . . 4 . 3 . 26 3 2 . 6 . 2 . . . . . . . . . . . . . . Secondary 5 | . . . . . . . . 5 . . . . . . . . . . . . . . . . . . . . Self-Inflicted Damage 897 | . 63 9 191 123 . 192 6 . . . . . 68 . . . . 93 131 . . . 21 . . . . . Shots 28 | . 2 . 7 5 . 5 1 . . . . . 2 . . . . 3 2 . . . 1 . . . . . Rammed 35 | . 8 1 2 . . 6 5 13 . . . . . . . . . . . . . . . . . . . . Targets Rammed 55 | . 9 1 3 . . 7 5 13 . . . . . 3 2 . . 4 3 . . . . 5 . . . . Kicked 17 | . . . . . . . . . . . . . . 3 2 . . 4 3 . . . . 5 . . . . Crushed 3 | . 1 . 1 . . 1 . . . . . . . . . . . . . . . . . . . . . . Highest Temperature 306 | 95 135 120 216 297 . 288 155 306 145 16 . 113 36 227 17 . 1 224 106 12 189 159 160 240 201 179 30 . Average Temperature 51 | 39 35 38 47 136 . 86 33 69 50 9 . 35 15 69 6 . 1 71 19 7 38 79 69 93 92 91 11 . Received Heat Transfer 4970 | . 207 216 396 120 . 54 648 894 153 . . 584 12 249 216 . 54 459 263 21 74 . 12 31 143 . 164 . Effects 2 | . . . . . . . . 2 . . . . . . . . . . . . . . . . . . . . Interference 2 | . . . . . . . . 2 . . . . . . . . . . . . . . . . . . . . Siege Activations 7 | . . . . . . . . . . . . . . . . . 1 5 . . . . . . . . 1 . Total Turns 195 | . . . . . . . . . . . . . . . . . 35 130 . . . . . . . . 30 . Longest Duration 42 | . . . . . . . . . . . . . . . . . 35 42 . . . . . . . . 30 . Robots Corrupted 8 | . . . . . . . . . . . . 2 . . . . . . . . . . . 6 . . . . Combat Hostiles 7 | . . . . . . . . . . . . 2 . . . . . . . . . . . 5 . . . . Parts Fried 19 | . . . . . . 1 . . . . . . . . . . . . . . . . . 18 . . . . Impact Corruptions 8 | . . . . . . 1 . 2 . . . 2 . . . . . 1 . . . . . 2 . . . . Robots Melted 3 | . . . . . . . . . . . . . . . . . 1 . 1 . 1 . . . . . . . Combat Hostiles 3 | . . . . . . . . . . . . . . . . . 1 . 1 . 1 . . . . . . . Parts Melted 37 | . 1 . 2 . . . 1 15 1 . . . . 3 1 . 3 4 4 . 1 . . 1 . . . . Heat Transferred 23497 | 407 555 . 962 235 . 407 370 4352 74 370 . 37 275 2350 1125 . 450 2679 3100 500 1224 . 1025 1775 900 325 . . Parts Sabotaged . | . . . . . . . . . . . . . . . . . . . . . . . . . . . . . Parts Stolen . | . . . . . . . . . . . . . . . . . . . . . . . . . . . . . Parts Stripped . | . . . . . . . . . . . . . . . . . . . . . . . . . . . . . Power Chain Reactions 3 | . . . . . . . . . . . . . . 1 . . . . . . . . . 2 . . . . Alert | -11 -10 -10 -9 -9 -9 -8 -8 -7 -7 -7 -7 -7 -6 -6 -6 -6 -6 -6 -5 -5 -5 -5 -4 -4 -4 -4 -4 -3 ------- Run | Yrd Mat Min Mat Min Exi Min Mat Fac Low Low Zio Dee Pro Fac Ext Cet Arc Hub Fac Upp Upp Zhi Pro Fac Upp Upp War Pro Peak Influence 1374 | 30 416 292 965 376 . 507 565 1374 . . . . . 542 579 210 116 556 660 . . . . 623 . . . . Initial 376 | . 19 90 1 376 . . 45 105 . . . . . . 234 92 84 . 217 . . . . . . . . . Average 349 | 16 263 138 615 225 . 281 203 557 . . . . . 295 307 191 55 294 339 . . . . 265 . . . . Maximum Alert Level 4 | . 2 1 3 1 . 2 2 4 . . . . . 2 2 1 . 2 2 . . . . 2 . . . . Low Security (%) 31 | 100 18 67 2 61 . 17 51 35 . . . . . 39 10 18 100 42 8 . . . . 39 . . . . Level 1 36 | . 75 32 14 38 . 63 41 12 . . . . . 22 67 81 . 21 64 . . . . 29 . . . . Level 2 21 | . 5 . 47 . . 18 7 16 . . . . . 38 22 . . 36 26 . . . . 31 . . . . Level 3 5 | . . . 36 . . . . 12 . . . . . . . . . . . . . . . . . . . . Level 4 4 | . . . . . . . . 22 . . . . . . . . . . . . . . . . . . . . Level 5 . | . . . . . . . . . . . . . . . . . . . . . . . . . . . . . High Security . | . . . . . . . . . . . . . . . . . . . . . . . . . . . . . Max Security . | . . . . . . . . . . . . . . . . . . . . . . . . . . . . . Squads Dispatched 81 | . 5 2 7 . . . 6 22 . . . . . 13 2 . . 7 9 . . . . 8 . . . . Investigation 23 | . 4 1 1 . . . 2 4 . . . . . 4 . . . 3 3 . . . . 1 . . . . Extermination 16 | . . . . . . . . 6 . . . . . 3 . . . 2 2 . . . . 3 . . . . Reinforcement 24 | . 1 . 3 . . . 4 6 . . . . . 2 2 . . 2 3 . . . . 1 . . . . Assault 10 | . . 1 3 . . . . 3 . . . . . . . . . . 1 . . . . 2 . . . . Garrison 8 | . . . . . . . . 3 . . . . . 4 . . . . . . . . . 1 . . . . Intercept . | . . . . . . . . . . . . . . . . . . . . . . . . . . . . . Searches Triggered . | . . . . . . . . . . . . . . . . . . . . . . . . . . . . . Construction Impeded 6 | . . . 1 . . . . 2 . . . . . 1 2 . . . . . . . . . . . . . Haulers Reinforced 4 | . . . . . . . . 2 . . . . . . . . . . 2 . . . . . . . . . Active Scanning Responses . | . . . . . . . . . . . . . . . . . . . . . . . . . . . . . Cargo Convoy Interrupts 1 | . . . . . . . . . . . . . . 1 . . . . . . . . . . . . . . Stealth | -11 -10 -10 -9 -9 -9 -8 -8 -7 -7 -7 -7 -7 -6 -6 -6 -6 -6 -6 -5 -5 -5 -5 -4 -4 -4 -4 -4 -3 --------- Run | Yrd Mat Min Mat Min Exi Min Mat Fac Low Low Zio Dee Pro Fac Ext Cet Arc Hub Fac Upp Upp Zhi Pro Fac Upp Upp War Pro Distress Signals 18 | . 2 . 3 . . . 2 1 . . . . . 1 3 1 . 2 . . . . . 3 . . . . Communications Jammed . | . . . . . . . . . . . . . . . . . . . . . . . . . . . . . Distress Signals . | . . . . . . . . . . . . . . . . . . . . . . . . . . . . . Times Spotted 592 | . 27 8 58 19 . 16 50 69 11 3 . 55 9 36 22 5 5 35 45 10 17 . 12 42 16 6 16 . Peak Tracking Total 37 | . 5 3 5 3 . 4 6 5 4 3 . 37 4 4 5 5 3 8 5 4 4 . 5 6 7 5 14 . Tactical Retreats 14 | . . . . 2 . . 3 1 . . . . . 2 1 . . 2 2 . . . . 1 . . . . Traps | -11 -10 -10 -9 -9 -9 -8 -8 -7 -7 -7 -7 -7 -6 -6 -6 -6 -6 -6 -5 -5 -5 -5 -4 -4 -4 -4 -4 -3 ------- Run | Yrd Mat Min Mat Min Exi Min Mat Fac Low Low Zio Dee Pro Fac Ext Cet Arc Hub Fac Upp Upp Zhi Pro Fac Upp Upp War Pro Traps Triggered 10 | . 3 . . . . . 3 . . . . . . 1 1 . . 1 . . . . . 1 . . . . Indirectly . | . . . . . . . . . . . . . . . . . . . . . . . . . . . . . Trap Hack Attempts . | . . . . . . . . . . . . . . . . . . . . . . . . . . . . . Triggered . | . . . . . . . . . . . . . . . . . . . . . . . . . . . . . Disarmed . | . . . . . . . . . . . . . . . . . . . . . . . . . . . . . Reprogrammed . | . . . . . . . . . . . . . . . . . . . . . . . . . . . . . Reused . | . . . . . . . . . . . . . . . . . . . . . . . . . . . . . Traps Extracted . | . . . . . . . . . . . . . . . . . . . . . . . . . . . . . Installed . | . . . . . . . . . . . . . . . . . . . . . . . . . . . . . Triggered 9 | . . . . . . . . . . 1 . . . 1 . . . . . . 2 . 3 . . 2 . . Machines | -11 -10 -10 -9 -9 -9 -8 -8 -7 -7 -7 -7 -7 -6 -6 -6 -6 -6 -6 -5 -5 -5 -5 -4 -4 -4 -4 -4 -3 ---------- Run | Yrd Mat Min Mat Min Exi Min Mat Fac Low Low Zio Dee Pro Fac Ext Cet Arc Hub Fac Upp Upp Zhi Pro Fac Upp Upp War Pro Machines Disabled 46 | . 1 1 4 1 . . 1 5 . . . 6 . 5 3 1 4 2 5 . 1 . . 3 . 1 2 . Max in Single Turn 2 | . 1 1 1 1 . . 1 2 . . . 1 . 1 . 1 . 1 2 . 1 . . 2 . 1 1 . Garrison Access 4 | . . . . . . . . 1 . . . . . . . . . . 2 . . . . 1 . . . . Network Hub 2 | . . . . . . . . . . . . . . . . . . 2 . . . . . . . . . . Energy Cycler 3 | . . . . . . . . . . . . . . . 3 . . . . . . . . . . . . . Machines Repaired . | . . . . . . . . . . . . . . . . . . . . . . . . . . . . . Machines Dismantled . | . . . . . . . . . . . . . . . . . . . . . . . . . . . . . Machines Sabotaged 1 | . . . . . . . . . . . . . . . . . . 1 . . . . . . . . . . Overloaded Fab Kills 1 | . . . . . . . . . . . . . . 1 . . . . . . . . . . . . . . Hacking | -11 -10 -10 -9 -9 -9 -8 -8 -7 -7 -7 -7 -7 -6 -6 -6 -6 -6 -6 -5 -5 -5 -5 -4 -4 -4 -4 -4 -3 --------- Run | Yrd Mat Min Mat Min Exi Min Mat Fac Low Low Zio Dee Pro Fac Ext Cet Arc Hub Fac Upp Upp Zhi Pro Fac Upp Upp War Pro Machines Accessed 98 | . 8 1 11 . 2 . 10 14 . . . . . 13 7 1 . 4 12 2 . 4 . 8 . . 1 . Terminals 57 | . 6 1 9 . . . 9 6 . . . . . 5 7 1 . 4 5 . . . . 4 . . . . Fabricators 12 | . . . . . . . . 3 . . . . . 4 . . . . 3 . . . . 2 . . . . Repair Stations 4 | . 1 . 1 . . . 1 1 . . . . . . . . . . . . . . . . . . . . Recycling Units 3 | . 1 . . . . . . 1 . . . . . . . . . . 1 . . . . . . . . . Scanalyzers 5 | . . . 1 . . . . 1 . . . . . 2 . . . . . . . . . 1 . . . . Garrison Access 8 | . . . . . . . . 2 . . . . . 2 . . . . 3 . . . . 1 . . . . Total Hacks 336 | . 21 6 29 . 2 . 31 43 . . . . . 31 17 1 . 8 76 6 . 16 . 43 . . 6 . Successful 168 | . 9 2 15 . 2 . 16 26 . . . . . 14 10 1 . 2 26 6 . 16 . 17 . . 6 . Failed 168 | . 12 4 14 . . . 15 17 . . . . . 17 7 . . 6 50 . . . . 26 . . . . Catastrophic 40 | . . . 5 . . . 3 4 . . . . . 4 4 . . 2 12 . . . . 6 . . . . Database Lockouts . | . . . . . . . . . . . . . . . . . . . . . . . . . . . . . Manual 138 | . 10 5 12 . 1 . 10 19 . . . . . 6 6 . . 5 37 . . . . 27 . . . . Terminals 186 | . 17 6 18 . . . 28 18 . . . . . 10 17 1 . 8 43 . . . . 20 . . . . Fabricators 51 | . . . . . . . . 10 . . . . . 9 . . . . 17 . . . . 15 . . . . Repair Stations 10 | . 3 . 2 . . . 3 2 . . . . . . . . . . . . . . . . . . . . Recycling Units 12 | . 1 . . . . . . 4 . . . . . . . . . . 7 . . . . . . . . . Scanalyzers 27 | . . . 9 . . . . 4 . . . . . 8 . . . . . . . . . 6 . . . . Garrison Access 20 | . . . . . . . . 5 . . . . . 4 . . . . 9 . . . . 2 . . . . Terminal Hacks 94 | . 4 2 6 . 2 . 14 8 . . . . . 5 10 1 . . 9 6 . 16 . 5 . . 6 . Record 11 | . . . . . 1 . . . . . . . . . . 1 . . . 5 . 4 . . . . . . Part Schematic 7 | . . . . . . . . 1 . . . . . . 1 . . . 1 . . 4 . . . . . . Robot Analysis 6 | . . 1 . . . . . . . . . . . 1 . . . . . . . 4 . . . . . . Prototype ID Bank 14 | . 2 . . . . . . . . . . . . 1 1 . . . . . . 4 . . . . 6 . Open Door 6 | . . . . . . . . . . . . . . 1 4 . . . . 1 . . . . . . . . Branch Access Points 5 | . . . 1 . . . . 1 . . . . . 1 . . . . 1 . . . . 1 . . . . Terminal Index 1 | . . . . . . . . . . . . . . . . . . . 1 . . . . . . . . . Fabricator Index 1 | . . . . . . . . 1 . . . . . . . . . . . . . . . . . . . . Garrison Index 1 | . . . . . . . . 1 . . . . . . . . . . . . . . . . . . . . Alert Level 9 | . 1 . 2 . . . 2 . . . . . . . 1 . . . 2 . . . . 1 . . . . Unreport Threat 8 | . . . . . . . 3 . . . . . . . 2 . . . 2 . . . . 1 . . . . Locate Traps 6 | . . . 1 . . . 1 1 . . . . . 1 . . . . 1 . . . . 1 . . . . Patrol Status 1 | . . . . . . . . 1 . . . . . . . . . . . . . . . . . . . . Transport Status 1 | . . . 1 . . . . . . . . . . . . . . . . . . . . . . . . . Recall Investigation 1 | . . . . . . . 1 . . . . . . . . . . . . . . . . . . . . . Hauler Manifests 3 | . . . 1 . . . 2 . . . . . . . . . . . . . . . . . . . . . Zone Layout 12 | . 1 1 . . . . 5 2 . . . . . . 1 . . . 1 . . . . 1 . . . . Derelict Proto ID Bank 1 | . . . . . 1 . . . . . . . . . . . . . . . . . . . . . . . Fabricator Hacks 11 | . . . . . . . . 2 . . . . . 2 . . . . 4 . . . . 3 . . . . Network Status 4 | . . . . . . . . 1 . . . . . 1 . . . . 1 . . . . 1 . . . . Load Schematic 4 | . . . . . . . . 1 . . . . . 1 . . . . 1 . . . . 1 . . . . Build 3 | . . . . . . . . . . . . . . . . . . . 2 . . . . 1 . . . . Repair Station Hacks 4 | . 1 . 2 . . . 1 . . . . . . . . . . . . . . . . . . . . . Scan Component 3 | . 1 . 1 . . . 1 . . . . . . . . . . . . . . . . . . . . . Repair 1 | . . . 1 . . . . . . . . . . . . . . . . . . . . . . . . . Recycling Unit Hacks 2 | . . . . . . . . 1 . . . . . . . . . . 1 . . . . . . . . . Retrieve Components 2 | . . . . . . . . 1 . . . . . . . . . . 1 . . . . . . . . . Scanalyzer 17 | . . . 7 . . . . 4 . . . . . 5 . . . . . . . . . 1 . . . . Insert Component 12 | . . . 4 . . . . 2 . . . . . 5 . . . . . . . . . 1 . . . . Analyze 5 | . . . 3 . . . . 2 . . . . . . . . . . . . . . . . . . . . Garrison Access Hacks 4 | . . . . . . . . 1 . . . . . . . . . . 2 . . . . 1 . . . . Seal Access 4 | . . . . . . . . 1 . . . . . . . . . . 2 . . . . 1 . . . . Unauthorized Hacks 36 | . 4 . . . . . 1 10 . . . . . 2 . . . 2 10 . . . . 7 . . . . Terminals 15 | . 3 . . . . . 1 3 . . . . . . . . . 2 3 . . . . 3 . . . . Assimilate 2 | . . . . . . . . 1 . . . . . . . . . . . . . . . 1 . . . . Botnet 8 | . 2 . . . . . 1 1 . . . . . . . . . . 2 . . . . 2 . . . . Disrupt 1 | . . . . . . . . . . . . . . . . . . . 1 . . . . . . . . . Operators 2 | . 1 . . . . . . 1 . . . . . . . . . . . . . . . . . . . . Sabotage 2 | . . . . . . . . . . . . . . . . . . 2 . . . . . . . . . . Fabricators 15 | . . . . . . . . 5 . . . . . 2 . . . . 4 . . . . 4 . . . . Report 2 | . . . . . . . . 1 . . . . . . . . . . . . . . . 1 . . . . Prioritize 4 | . . . . . . . . 1 . . . . . . . . . . 2 . . . . 1 . . . . Liberate 3 | . . . . . . . . 1 . . . . . . . . . . 1 . . . . 1 . . . . Haulers 4 | . . . . . . . . 1 . . . . . 1 . . . . 1 . . . . 1 . . . . Overload 1 | . . . . . . . . . . . . . . 1 . . . . . . . . . . . . . . Recompile 1 | . . . . . . . . 1 . . . . . . . . . . . . . . . . . . . . Repair Stations . | . . . . . . . . . . . . . . . . . . . . . . . . . . . . . Recycling Units 6 | . 1 . . . . . . 2 . . . . . . . . . . 3 . . . . . . . . . Reject 2 | . . . . . . . . 1 . . . . . . . . . . 1 . . . . . . . . . Recyclers 2 | . . . . . . . . 1 . . . . . . . . . . 1 . . . . . . . . . Mask 1 | . . . . . . . . . . . . . . . . . . . 1 . . . . . . . . . Tunnel 1 | . 1 . . . . . . . . . . . . . . . . . . . . . . . . . . . Scanalyzers . | . . . . . . . . . . . . . . . . . . . . . . . . . . . . . Garrison Access . | . . . . . . . . . . . . . . . . . . . . . . . . . . . . . Data Cores Recovered 1 | . . . 1 . . . . . . . . . . . . . . . . . . . . . . . . . Used . | . . . . . . . . . . . . . . . . . . . . . . . . . . . . . Hacking Detections 79 | . 7 1 10 . . . 10 13 . . . . . 11 6 . . 4 10 . . . . 7 . . . . Full Trace Events 13 | . 1 1 . . . . 1 3 . . . . . 3 . . . . 3 . . . . 1 . . . . Feedback Events 2 | . . . . . . . 1 1 . . . . . . . . . . . . . . . . . . . . Corruption 2 | . . . . . . . 1 1 . . . . . . . . . . . . . . . . . . . . Feedback Blocked . | . . . . . . . . . . . . . . . . . . . . . . . . . . . . . Robot Schematics Acquired 3 | . . . . . . . . . . . 3 . . . . . . . . . . . . . . . . . Robots Built . | . . . . . . . . . . . . . . . . . . . . . . . . . . . . . Authchips . | . . . . . . . . . . . . . . . . . . . . . . . . . . . . . Time . | . . . . . . . . . . . . . . . . . . . . . . . . . . . . . Total Robot Build Rating . | . . . . . . . . . . . . . . . . . . . . . . . . . . . . . Part Schematics Acquired 28 | . . . 3 . . . . 3 . . 16 . . . 1 . . . 1 . . 4 . . . . . . Parts Built 4 | . . . . . . . . . . . . . . . . . . . 3 . . . . 1 . . . . Authchips . | . . . . . . . . . . . . . . . . . . . . . . . . . . . . . Time 132 | . . . . . . . . . . . . . . . . . . . 90 . . . . 42 . . . . Total Part Build Rating 26 | . . . . . . . . . . . . . . . . . . . 22 . . . . 4 . . . . Parts Repaired 1 | . . . 1 . . . . . . . . . . . . . . . . . . . . . . . . . Time 32 | . . . 32 . . . . . . . . . . . . . . . . . . . . . . . . . Parts Recycled . | . . . . . . . . . . . . . . . . . . . . . . . . . . . . . Recycled Matter . | . . . . . . . . . . . . . . . . . . . . . . . . . . . . . Retrieved Matter . | . . . . . . . . . . . . . . . . . . . . . . . . . . . . . Retrieved Components . | . . . . . . . . . . . . . . . . . . . . . . . . . . . . . Parts Scanalyzed 7 | . . . 3 . . . . 2 . . . . . 2 . . . . . . . . . . . . . . Part Schematics Acquired 5 | . . . 3 . . . . 2 . . . . . . . . . . . . . . . . . . . . Parts Damaged 1 | . . . . . . . . . . . . . . 1 . . . . . . . . . . . . . . Bothacking | -11 -10 -10 -9 -9 -9 -8 -8 -7 -7 -7 -7 -7 -6 -6 -6 -6 -6 -6 -5 -5 -5 -5 -4 -4 -4 -4 -4 -3 ------------ Run | Yrd Mat Min Mat Min Exi Min Mat Fac Low Low Zio Dee Pro Fac Ext Cet Arc Hub Fac Upp Upp Zhi Pro Fac Upp Upp War Pro Used RIF Installer . | . . . . . . . . . . . . . . . . . . . . . . . . . . . . . Robots Hacked 3 | . . . . . . . . . . . 3 . . . . . . . . . . . . . . . . . Non-combat . | . . . . . . . . . . . . . . . . . . . . . . . . . . . . . Combat 3 | . . . . . . . . . . . 3 . . . . . . . . . . . . . . . . . Robot Hacks Applied 3 | . . . . . . . . . . . 3 . . . . . . . . . . . . . . . . . parse_system 3 | . . . . . . . . . . . 3 . . . . . . . . . . . . . . . . . Relay Couplers Released 1 | . . . . . . . . . . . . . . . . . . . . . . . . 1 . . . . Machine Destruction 1 | . . . . . . . . . . . . . . . . . . . . . . . . 1 . . . . Fabnet Peak Effective % . | . . . . . . . . . . . . . . . . . . . . . . . . . . . . . Robots Rewired 16 | . . . . . . . . . . . . . . . 14 . . . . . . . . . 2 . . . Allies Hacked . | . . . . . . . . . . . . . . . . . . . . . . . . . . . . . Hacks Repelled . | . . . . . . . . . . . . . . . . . . . . . . . . . . . . . Allies | -11 -10 -10 -9 -9 -9 -8 -8 -7 -7 -7 -7 -7 -6 -6 -6 -6 -6 -6 -5 -5 -5 -5 -4 -4 -4 -4 -4 -3 -------- Run | Yrd Mat Min Mat Min Exi Min Mat Fac Low Low Zio Dee Pro Fac Ext Cet Arc Hub Fac Upp Upp Zhi Pro Fac Upp Upp War Pro Total Allies 39 | . . 4 . . . . . 3 . . 7 . . . 22 . . . . . . . . 1 2 . . . Largest Group 16 | . . 3 3 . . . . 2 . . 7 7 . . 16 16 12 1 . . . . . 1 2 . . . Highest-Rated Group 452 | . . 40 40 . . . . 64 . . 223 223 . . 452 452 317 23 . . . . . 10 96 . . . Highest-Rated Ally 51 | . . 31 16 . . . . 32 . . 51 51 . . 39 39 39 23 . . . . . 10 49 . . . Total Orders . | . . . . . . . . . . . . . . . . . . . . . . . . . . . . . Ally Attacks 271 | . . 7 54 . . . . . . . . 45 . . 96 32 35 . . . . . . . 2 . . . Total Damage 5840 | . . 130 636 . . . . . . . . 1851 . . 1838 685 640 . . . . . . . 60 . . . Kills 39 | . . 1 9 . . . . . . . . 8 . . 11 5 5 . . . . . . . . . . . Allies Corrupted 1 | . . . . . . . . . . . . . . . . . . . . . . . . . 1 . . . Allies Melted . | . . . . . . . . . . . . . . . . . . . . . . . . . . . . . Intel | -11 -10 -10 -9 -9 -9 -8 -8 -7 -7 -7 -7 -7 -6 -6 -6 -6 -6 -6 -5 -5 -5 -5 -4 -4 -4 -4 -4 -3 ------- Run | Yrd Mat Min Mat Min Exi Min Mat Fac Low Low Zio Dee Pro Fac Ext Cet Arc Hub Fac Upp Upp Zhi Pro Fac Upp Upp War Pro Robot Analysis Total 6 | . . 1 . . . . . . . . . . . 1 . . . . . . . 4 . . . . . . Derelict Logs Recovered 13 | . . 2 . 1 . . . . 1 2 1 . 1 . . . . . . 1 1 . 2 . 1 . . . Drone Launches . | . . . . . . . . . . . . . . . . . . . . . . . . . . . . . Drone Recoveries . | . . . . . . . . . . . . . . . . . . . . . . . . . . . . . Exploration | -11 -10 -10 -9 -9 -9 -8 -8 -7 -7 -7 -7 -7 -6 -6 -6 -6 -6 -6 -5 -5 -5 -5 -4 -4 -4 -4 -4 -3 ------------- Run | Yrd Mat Min Mat Min Exi Min Mat Fac Low Low Zio Dee Pro Fac Ext Cet Arc Hub Fac Upp Upp Zhi Pro Fac Upp Upp War Pro Turns Passed 45204 | 217 1340 851 2370 1040 486 1608 2696 4810 1223 1013 2455 3225 622 2217 2192 291 512 1276 2552 1509 1827 347 1963 1641 3162 1034 725 . Spaces Moved 17013 | 52 656 584 944 381 203 601 882 1602 473 393 967 1136 245 624 716 113 46 255 1128 835 970 136 832 709 973 284 273 . Core 4 | 4 . . . . . . . . . . . . . . . . . . . . . . . . . . . . Treads 7754 | 48 580 . 596 381 203 601 882 1602 473 393 967 1028 . . . . . . . . . . . . . . . . Legs 8247 | . . . . . . . . . . . . 108 245 624 716 113 46 255 1128 835 970 136 832 709 973 284 273 . Wheels 1008 | . 76 584 348 . . . . . . . . . . . . . . . . . . . . . . . . . Hover . | . . . . . . . . . . . . . . . . . . . . . . . . . . . . . Flight . | . . . . . . . . . . . . . . . . . . . . . . . . . . . . . Fastest Speed 50 | 50 120 120 120 240 240 240 237 242 242 245 245 210 210 240 210 240 240 240 150 175 175 175 175 175 210 240 240 . Average Speed 216 | 151 157 120 203 240 240 245 244 244 243 245 246 247 236 240 239 240 240 240 176 175 175 175 175 182 250 264 242 . Slowest Speed 390 | 160 240 120 320 320 240 246 247 247 245 245 247 325 240 240 240 240 240 240 240 175 175 175 175 225 390 270 270 . Overloaded Moves . | . . . . . . . . . . . . . . . . . . . . . . . . . . . . . Propulsion Burnouts . | . . . . . . . . . . . . . . . . . . . . . . . . . . . . . Robots Hopped . | . . . . . . . . . . . . . . . . . . . . . . . . . . . . . Cave-ins Triggered . | . . . . . . . . . . . . . . . . . . . . . . . . . . . . . Teleports 1 | . . . . . . . . . . . . . . . . . . . . . . . . . . . 1 . Exploration Rate (%) 64 | 4 93 98 79 74 60 96 95 44 67 59 87 80 40 24 87 60 70 37 37 98 97 61 98 19 97 53 48 1 Regions Visited 28 Branch Regions 21 Pre-discovered Areas 13 | . 1 2 . . 1 . . . . 2 1 . 1 . . . . . . . . 3 1 . 1 . . . Known Exits Taken 7 | . . . 1 . . 1 1 1 . . . . . 1 . . . . 1 . . . . 1 . . . . Unknown Exits Taken 21 | 1 1 1 . 1 1 . . . 1 1 1 1 1 . 1 1 1 1 . 1 1 1 1 . 1 1 1 . Scrap Searched 32 | . . 3 . 1 . 2 . . 1 3 4 . 2 . . . . . . 3 5 . 1 . 4 3 . . Spaces Dug 212 | . 13 1 2 39 . . 19 21 4 . 2 24 2 9 . . . 3 16 4 1 . 32 3 12 . 5 . Terrain Destroyed 1291 | . 38 6 167 138 . 138 50 163 56 3 2 48 23 35 12 . 3 62 107 9 45 . 74 37 68 . 7 . Melee 22 | . . . 2 . . . 10 6 . . 2 2 . . . . . . . . . . . . . . . . Projectile 351 | . 6 6 . 7 . 1 . 66 5 3 . 6 10 35 12 . 3 29 56 9 17 . 25 19 29 . 7 . AOE 918 | . 32 . 165 131 . 137 40 91 51 . . 40 13 . . . . 33 51 . 28 . 49 18 39 . . . Terrain Rammed . | . . . . . . . . . . . . . . . . . . . . . . . . . . . . . Walls Destroyed . | . . . . . . . . . . . . . . . . . . . . . . . . . . . . . Machines Disabled . | . . . . . . . . . . . . . . . . . . . . . . . . . . . . . Actions | -11 -10 -10 -9 -9 -9 -8 -8 -7 -7 -7 -7 -7 -6 -6 -6 -6 -6 -6 -5 -5 -5 -5 -4 -4 -4 -4 -4 -3 --------- Run | Yrd Mat Min Mat Min Exi Min Mat Fac Low Low Zio Dee Pro Fac Ext Cet Arc Hub Fac Upp Upp Zhi Pro Fac Upp Upp War Pro Total 23335 | 151 808 654 1224 455 203 664 1203 2172 513 420 1020 1369 264 1198 1133 130 427 770 1522 854 1032 248 1270 1047 1677 567 340 . Wait 3607 | 66 15 8 69 21 . 1 65 200 1 1 15 55 2 444 274 3 362 406 178 5 9 92 388 89 571 258 9 . Move 16985 | 51 655 583 943 380 202 600 881 1601 472 392 966 1135 244 623 715 112 45 254 1127 834 969 135 831 708 972 283 272 . Hop . | . . . . . . . . . . . . . . . . . . . . . . . . . . . . . Pick Up 253 | 8 19 8 24 . 1 3 29 24 1 3 5 14 . 12 2 3 . 5 40 . 5 5 1 32 4 1 4 . Fast Attach 93 | 6 2 1 11 . . . 9 15 . . 2 11 . 6 1 1 . 5 4 . 2 3 2 6 4 2 . . Attach 85 | 1 2 2 10 3 . 3 10 14 4 . . 9 1 3 . . . 2 4 . . 3 . 8 . . 6 . Detach 116 | . . . 2 . . 1 4 9 . . 1 9 2 14 3 . 4 9 11 . . 4 4 17 12 5 5 . Swap 233 | . 21 3 31 20 . 15 26 45 11 2 7 17 1 1 1 . 3 4 4 . 3 1 2 5 5 . 5 . Drop 273 | . 10 10 35 . . 1 35 34 . 1 9 20 . 9 2 5 1 4 41 . 7 5 5 26 7 2 4 . Fire 1389 | 19 75 38 93 31 . 33 126 211 24 21 . 43 14 82 31 6 12 77 110 15 36 . 37 146 58 16 35 . Melee 94 | . . . 3 . . . 13 6 . . 15 56 . 1 . . . . . . . . . . . . . . Ram 1 | . . 1 . . . . . . . . . . . . . . . . . . . . . . . . . . Kick 17 | . . . . . . . . . . . . . . 3 2 . . 4 3 . . . . 5 . . . . Crush 37 | . 9 . 3 . . 7 5 13 . . . . . . . . . . . . . . . . . . . . Escape Stasis 10 | . . . . . . . . . . . . . . . 5 . . . . . . . . 5 . . . . Rewire 142 | . . . . . . . . . . . . . . . 97 . . . . . 1 . . . 44 . . . Trap . | . . . . . . . . . . . . . . . . . . . . . . . . . . . . . Miscellaneous . | . . . . . . . . . . . . . . . . . . . . . . . . . . . . . Route ------- -11/Scrapyard -10/Materials (discovered 4 exits: *Mat x3 / *Min) -10/Mines (discovered 2 exits: *Mat x2) -9/Materials (discovered 6 exits: *Mat x3 / *Min / *Sto x2) -9/Mines (discovered 4 exits: *Mat x2 / *Exi / *Zio) -9/Exiles -8/Mines (discovered 2 exits: *Mat x2) -8/Materials (discovered 3 exits: *Fac x3) -7/Factory (discovered 3 exits: *Fac / *Low x2) -7/Lower Caves -7/Lower Caves (discovered 2 exits: *Fac / *Zio) -7/Zion (discovered 2 exits: [*Dee] / [*Pro]) -7/Deep Caves -6/Proximity Caves -6/Factory (discovered 4 exits: *Low x2 / *Ext x2) -6/Extension (discovered 3 exits: *Fac x2 / *Cet) -6/Cetus -6/Archives -6/Hub_04(d) -5/Factory (discovered 4 exits: *Fac x2 / *Upp x2) -5/Upper Caves -5/Upper Caves -5/Zhirov -4/Proximity Caves -4/Factory (discovered 3 exits: *Res / *Upp x2) -4/Upper Caves -4/Upper Caves -4/Warlord -3/Proximity Caves History --------- Turn | Location | Event 11 | -11/Scrapyard | Discovered new exit (range 15) 218 | -11/Scrapyard | Entered Materials 314 | -10/Materials | Build established: Mutant 482 | -10/Materials | Discovered new exit (range 6) 627 | -10/Materials | Discovered new exit (range 9) 1057 | -10/Materials | Discovered new exit (range 15) 1270 | -10/Materials | Discovered new exit (range 5) 1558 | -10/Materials | Entered Mines 1615 | -10/Mines | Found a hidden stash of uninstalled traps 1646 | -10/Mines | Discovered new exit (range 5) 1775 | -10/Mines | Learned 2 Materials zone layouts 1840 | -10/Mines | Learned location of Mines (-9) 1867 | -10/Mines | Met a Derelict testing a Signal Generator 1879 | -10/Mines | Found Signal Generator 1910 | -10/Mines | Core integrity fell below 50% 1984 | -10/Mines | Discovered new exit (range 5) 2035 | -10/Mines | Assisted by bots powering up and referring to "LRC-V3" 2079 | -10/Mines | A weapon hastily lodged in a ceiling crevice suddenly fell to the ground 2148 | -10/Mines | Received a Rocket Launcher from a helpful Derelict 2203 | -10/Mines | Found a damaged Exp. Sensor Array with a note attached 2207 | -10/Mines | Found Prototype Device 2307 | -10/Mines | Learned location of Storage (-9) 2409 | -10/Mines | Entered Materials 2409 | -9/Materials | Accompanied by 3 allies 2409 | -9/Materials | Evolved 2 slots: Propulsion x1, Utility x1 2410 | -9/Materials | Identified exit to Materials 2495 | -9/Materials | Destroyed 8 combat bots 2531 | -9/Materials | Repaired Arm. Wheel 3310 | -9/Materials | Discovered new exit (range 12) 3376 | -9/Materials | Discovered new exit (range 4) 3520 | -9/Materials | Identified Exp. Sensor Array 3567 | -9/Materials | Discovered exit to Materials (range 3) 3609 | -9/Materials | First assault squad dispatched 3709 | -9/Materials | Destroyed 7 combat bots 4013 | -9/Materials | Build established: Scavenger-Mutant 4124 | -9/Materials | Destroyed 7 combat bots 4394 | -9/Materials | Identified exit to Mines 4394 | -9/Materials | Identified exit to Storage 4484 | -9/Materials | Core integrity fell below 50% 4691 | -9/Materials | Build established: Mutant 4779 | -9/Materials | Entered Mines 4806 | -9/Mines | Deemed a non-threat by the Exiles lab entrance 4806 | -9/Mines | Discovered new exit (range 5) 5017 | -9/Mines | Learned 4 Materials zone layouts 5058 | -9/Mines | Discovered exit to Materials (range 5) 5239 | -9/Mines | A Derelict revealed a hidden shortcut to a safe place 5463 | -9/Mines | Discovered exit to Materials (range 10) 5467 | -9/Mines | Assembled infested the area 5578 | -9/Mines | Destroyed YI-UF0 5770 | -9/Mines | Destroyed 11 combat bots 5819 | -9/Mines | Entered Exiles 5877 | -9/Exiles | Met 8R-AWN 5913 | -9/Exiles | Met EX-HEX 5983 | -9/Exiles | Met EX-BIN 6011 | -9/Exiles | Aligned with FarCom system 6014 | -9/Exiles | Given EX-Vault access code 6069 | -9/Exiles | Opened EX-Vault 6081 | -9/Exiles | Found Superbattery 6132 | -9/Exiles | Warned to stay clear of 0b10 Research branches 6200 | -9/Exiles | Met EX-DEC 6212 | -9/Exiles | Learned location of Zion (-7) 6286 | -9/Exiles | Discovered new exit (range 10) 6305 | -9/Exiles | Left Exiles lab with Superbattery 6305 | -9/Exiles | Entered Mines 6357 | -8/Mines | Destroyed 9 combat bots 6476 | -8/Mines | Discovered exit to Materials (range 8) 6524 | -8/Mines | Destroyed 7 combat bots 6539 | -8/Mines | Core integrity fell below 20% 6594 | -8/Mines | Discovered exit to Materials (range 10) 7913 | -8/Mines | Entered Materials 7913 | -8/Materials | Evolved 2 slots: Propulsion x1, Utility x1 7914 | -8/Materials | Identified exit to Factory 8738 | -8/Materials | Discovered exit to Factory (range 16) 9102 | -8/Materials | Destroyed 7 combat bots 9460 | -8/Materials | Lost 3 parts (1n2w) 10213 | -8/Materials | Discovered exit to Factory (range 15) 10609 | -8/Materials | Entered Factory 10609 | -7/Factory | Evolved 2 slots: Utility x2 10917 | -7/Factory | Build established: Scavenger-Mutant 11429 | -7/Factory | Identified exit to Lower Caves 11887 | -7/Factory | Garrison activated, responded to threat 12248 | -7/Factory | P-60 Hacker assimilated allied Technician 4a 13213 | -7/Factory | Discovered new exit (range 8) 13809 | -7/Factory | First assault squad dispatched 14056 | -7/Factory | Build established: Mutant 14646 | -7/Factory | Build established: Scavenger-Mutant 15163 | -7/Factory | Build established: Mutant 15419 | -7/Factory | Entered Lower Caves 15721 | -7/Lower Caves | Encountered a Warlord checkpoint 16059 | -7/Lower Caves | Build established: Scavenger-Mutant 16178 | -7/Lower Caves | Destroyed 7 combat bots 16229 | -7/Lower Caves | Learned Factory stockpile data 16617 | -7/Lower Caves | Discovered new exit (range 5) 16642 | -7/Lower Caves | Entered another Lower Caves area 16665 | -7/Lower Caves | Discovered new exit (range 7) 17402 | -7/Lower Caves | Encountered a Warlord checkpoint 17599 | -7/Lower Caves | Discovered new exit (range 14) 17655 | -7/Lower Caves | Entered Zion 17783 | -7/Zion | Discovered new exit (range 13) 17854 | -7/Zion | Found Unknown Piercing Weapon 17854 | -7/Zion | Identified CR-A16's Pointy Stick 17937 | -7/Zion | Gained Derelict followers 18317 | -7/Zion | Found Prototype Processor 18321 | -7/Zion | Found Prototype Processor 18325 | -7/Zion | Found Prototype Processor 18722 | -7/Zion | Given A8's code to call for help 18797 | -7/Zion | Build established: Mutant 18800 | -7/Zion | Rebuked by Imprinter 19402 | -7/Zion | Learned location of Extension (-6) 19511 | -7/Zion | Gained Derelict followers 20094 | -7/Zion | Discovered new exit (range 5) 20096 | -7/Zion | Saw the warning signs outside the Deep Caves entrance 20110 | -7/Zion | Entered Deep Caves 20110 | -7/Deep Caves | Accompanied by 7 allies 20532 | -7/Deep Caves | Z-Facility disabled 20544 | -7/Deep Caves | Attacked by Z-Imprinter 20558 | -7/Deep Caves | Allies destroyed Z-Imprinter 20588 | -7/Deep Caves | Lost 5 allies 20810 | -7/Deep Caves | Lost 3 parts (1p1n1u) 20886 | -7/Deep Caves | Found Prototype Protection 20886 | -7/Deep Caves | Identified Zio. Weapon Casing 20938 | -7/Deep Caves | Found Zio. Weapon Casing 21663 | -7/Deep Caves | Discovered new exit (range 7) 21767 | -7/Deep Caves | Spotted AG-01542 21800 | -7/Deep Caves | Destroyed AG-01542 21829 | -7/Deep Caves | Lost 4 parts (2n2u) 21963 | -7/Deep Caves | Spotted AG-39658 22003 | -7/Deep Caves | Destroyed AG-39658 22031 | -7/Deep Caves | Lost 3 parts (1n2u) 22601 | -7/Deep Caves | Triggered Deep Caves wall 22601 | -7/Deep Caves | Spotted AS-90890 22601 | -7/Deep Caves | Spotted AS-67836 22608 | -7/Deep Caves | Destroyed AS-90890 22611 | -7/Deep Caves | Exposed GOLEM chamber 22611 | -7/Deep Caves | Destroyed AS-67836 22639 | -7/Deep Caves | Destroyed 35 combat bots 22773 | -7/Deep Caves | Found GOLEM Unit 22780 | -7/Deep Caves | Found GOLEM Unit 22788 | -7/Deep Caves | Found GOLEM Unit 23037 | -7/Deep Caves | Build established: Golem 23335 | -7/Deep Caves | Entered Proximity Caves 23337 | -6/Proximity Caves | Core integrity fell below 50% 23462 | -6/Proximity Caves | Build established: Hauler-Golem 23545 | -6/Proximity Caves | Spotted B-75 Beast 23554 | -6/Proximity Caves | Destroyed B-75 Beast 23931 | -6/Proximity Caves | Discovered new exit (range 12) 23957 | -6/Proximity Caves | Entered Factory 23957 | -6/Factory | Evolved 2 slots: Power x1, Utility x1 23993 | -6/Factory | Identified exit to Lower Caves 23993 | -6/Factory | Identified exit to Extension 24364 | -6/Factory | Garrison activated, responded to threat 25294 | -6/Factory | Identified Exp. Core Analyzer 25294 | -6/Factory | Identified Exp. Terrain Scan Processor 25294 | -6/Factory | Identified Exp. Targeting Computer 25399 | -6/Factory | Cargo convoy interrupted 25701 | -6/Factory | Garrison activated, responded to threat 26174 | -6/Factory | Entered Extension 26790 | -6/Extension | Rescued a captive Derelict 26791 | -6/Extension | Rescued a captive Derelict 26893 | -6/Extension | Rescued a captive Derelict 26894 | -6/Extension | Rescued a captive Derelict 26940 | -6/Extension | Rescued a captive Derelict 26963 | -6/Extension | Rescued a captive Derelict 27277 | -6/Extension | Energy Cycler disabled 27277 | -6/Extension | Rescued a captive Derelict 27279 | -6/Extension | Rescued a captive Derelict 27280 | -6/Extension | Rescued a captive Derelict 27282 | -6/Extension | Rescued a captive Derelict 27288 | -6/Extension | Rescued a captive Derelict 27368 | -6/Extension | Build established: Commander-Golem 27535 | -6/Extension | Spotted B-75 Beast 27539 | -6/Extension | Allies destroyed B-75 Beast 27581 | -6/Extension | Discovered new exit (range 16) 27585 | -6/Extension | Spotted B-75 Beast 27605 | -6/Extension | Destroyed B-75 Beast 27629 | -6/Extension | Extracted ID and sensor layout for unrecognized location from A7's data core 27843 | -6/Extension | Build established: Hauler-Golem 28213 | -6/Extension | Discovered new exit (range 10) 28216 | -6/Extension | Discovered new exit (range 6) 28251 | -6/Extension | Build established: Commander-Golem 28366 | -6/Extension | Entered Cetus 28366 | -6/Cetus | Accompanied by 16 allies 28394 | -6/Cetus | Spotted Cetus Guard 28395 | -6/Cetus | Spotted Cetus Guard 28395 | -6/Cetus | Spotted Cetus Guard 28406 | -6/Cetus | Allies destroyed Cetus Guard 28406 | -6/Cetus | Spotted Cetus Guard 28408 | -6/Cetus | Allies destroyed Cetus Guard 28412 | -6/Cetus | Allies destroyed Cetus Guard 28414 | -6/Cetus | Allies destroyed Cetus Guard 28439 | -6/Cetus | Lost 3 allies 28580 | -6/Cetus | Found a strange terminal 28621 | -6/Cetus | Discovered new exit (range 15) 28657 | -6/Cetus | Entered Archives 28657 | -6/Archives | Accompanied by 13 allies 28729 | -6/Archives | Lost 12 allies 28754 | -6/Archives | Discovered new exit (range 16) 28989 | -6/Archives | Build established: Hauler-Golem 29169 | -6/Archives | Entered Hub_04(d) 29169 | -6/Hub_04(d) | Accompanied by 1 ally 29720 | -6/Hub_04(d) | Core integrity fell below 50% 29845 | -6/Hub_04(d) | Network Hub disabled 29866 | -6/Hub_04(d) | Spotted Lightning 29871 | -6/Hub_04(d) | Spotted Lightning 29871 | -6/Hub_04(d) | Spotted Lightning 29902 | -6/Hub_04(d) | System corruption reached 10% 29920 | -6/Hub_04(d) | Destroyed Lightning 29931 | -6/Hub_04(d) | Spotted Lightning 29934 | -6/Hub_04(d) | Destroyed Lightning 29955 | -6/Hub_04(d) | Destroyed 7 combat bots 29956 | -6/Hub_04(d) | Destroyed Lightning 29982 | -6/Hub_04(d) | Found Prototype Energy Cannon 29995 | -6/Hub_04(d) | Found Prototype Device 29995 | -6/Hub_04(d) | Identified Exp. EM Disruption Field 30047 | -6/Hub_04(d) | Network Hub disabled 30054 | -6/Hub_04(d) | Destroyed Lightning 30062 | -6/Hub_04(d) | Discovered new exit (range 15) 30445 | -6/Hub_04(d) | Entered Factory 30445 | -5/Factory | Evolved 2 slots: Utility x2 30949 | -5/Factory | Build established: Hauler-Mutant 31319 | -5/Factory | Discovered new exit (range 9) 31441 | -5/Factory | Discovered new exit (range 5) 31541 | -5/Factory | Identified exit to Upper Caves 32158 | -5/Factory | Fabricated Adv. Force Field (x2) 32713 | -5/Factory | Fabricated Hvy. Mass Driver (x1) 32845 | -5/Factory | First assault squad dispatched 32997 | -5/Factory | Entered Upper Caves 33001 | -5/Upper Caves | Learned location of 1 exit from Factory 33452 | -5/Upper Caves | Learned Extension security intel 33452 | -5/Upper Caves | Learned Extension stockpile data 33452 | -5/Upper Caves | Learned Factory stockpile data 33915 | -5/Upper Caves | Discovered new exit (range 12) 34037 | -5/Upper Caves | Ambushed by research squad 34506 | -5/Upper Caves | Entered another Upper Caves area 35379 | -5/Upper Caves | Destroyed 9 combat bots 35658 | -5/Upper Caves | Discovered new exit (range 10) 35882 | -5/Upper Caves | Attracted the attention of an 0b10 checkpoint 36333 | -5/Upper Caves | Entered Zhirov 36334 | -5/Zhirov | Discovered new exit (range 3) 36366 | -5/Zhirov | Met Zhirov 36397 | -5/Zhirov | Learned location of Quarantine (-3) 36397 | -5/Zhirov | Learned location of Testing (-2) 36397 | -5/Zhirov | Learned location of Command (-1) 36413 | -5/Zhirov | Zhirov requested help retrieving the SGEMP Prototype 36440 | -5/Zhirov | Found Alien Artifact 36440 | -5/Zhirov | Identified Integrated Reactor 36440 | -5/Zhirov | Installed Integrated Reactor, increased core energy generation (+10) 36484 | -5/Zhirov | Identified EMDS 36521 | -5/Zhirov | Found Alien Artifact 36680 | -5/Zhirov | Entered Proximity Caves 36772 | -4/Proximity Caves | Build established: Hauler-Golem 37326 | -4/Proximity Caves | Learned location of Armory (-3) 37341 | -4/Proximity Caves | Attracted the attention of an 0b10 checkpoint 37360 | -4/Proximity Caves | Learned Research security intel 37569 | -4/Proximity Caves | Spotted B-86 Titan 37635 | -4/Proximity Caves | Destroyed B-86 Titan 38164 | -4/Proximity Caves | Discovered new exit (range 17) 38643 | -4/Proximity Caves | Entered Factory 38643 | -4/Factory | Evolved 2 slots: Utility x2 38644 | -4/Factory | Identified exit to Research 38645 | -4/Factory | Identified exit to Upper Caves 38946 | -4/Factory | Found Quantum Capacitor 39036 | -4/Factory | Spotted B-86 Titan 39303 | -4/Factory | Destroyed 9 combat bots 39405 | -4/Factory | Identified Transdimensional Reconstructor 39638 | -4/Factory | Garrison activated, responded to threat 39986 | -4/Factory | Fabricated Hrd. Heavy Armor Plating (x1) 40143 | -4/Factory | First assault squad dispatched 40284 | -4/Factory | Entered Upper Caves 40296 | -4/Upper Caves | Attracted the attention of an 0b10 checkpoint 40333 | -4/Upper Caves | Destroyed 7 combat bots 41107 | -4/Upper Caves | Attracted the attention of an 0b10 outpost 41160 | -4/Upper Caves | Destroyed 7 combat bots 42150 | -4/Upper Caves | Encountered a Warlord checkpoint 42524 | -4/Upper Caves | Discovered new exit (range 15) 43446 | -4/Upper Caves | Entered another Upper Caves area 43864 | -4/Upper Caves | Found Alien Artifact 44083 | -4/Upper Caves | Spotted B-86 Titan 44094 | -4/Upper Caves | Destroyed B-86 Titan 44181 | -4/Upper Caves | Discovered new exit (range 16) 44480 | -4/Upper Caves | Entered Warlord 44558 | -4/Warlord | Discovered new exit (range 8) 44582 | -4/Warlord | Identified Dimensional Node Initializer 44582 | -4/Warlord | Initialized slip node 44663 | -4/Warlord | System corruption cleaned by Quarantine Array 44891 | -4/Warlord | Visited the Vortex Lab 44920 | -4/Warlord | Found Prototype Energy Cannon 44923 | -4/Warlord | Found Prototype Energy Cannon 44924 | -4/Warlord | Identified Vortex Cannon (x2) 45158 | -4/Warlord | Met Warlord 45169 | -4/Warlord | Attacked by Warlord forces 45169 | -4/Warlord | Spotted U3-YTW(K) 45169 | -4/Warlord | Spotted 3B-6C9(K) 45183 | -4/Warlord | Destroyed U3-YTW(K) 45187 | -4/Warlord | Destroyed 3B-6C9(K) 45195 | -4/Warlord | Destroyed Warlord 45196 | -4/Warlord | Warped through subspace to slip node 45205 | -4/Warlord | Entered Proximity Caves 45205 | -3/Proximity Caves | Self-destructed Last Messages --------------- 45188_ XT-YR0(g) destroyed. 45190_ Vortex Cannon implodes. 45190_ Adv. Force Field destroyed. 45191_ Acquired Superbattery. 45192_ Dropped Zio. Biocell. 45193_ Extracted 600 energy. 45194_ Exp. EM Disruption Field destroyed. 45195_ Penetrated by HV Slug. 45195_ 2G-7NG(g) suffers critical hit (Destroy). 45195_ Warlord: "IMPOSS00101101 01101001 01010111 01001001 01001100 01001100 01110010 01100101 01110100 01110101 01110010 01101110" 45195_ Warlord destroyed. 45196_ Warped through subspace, drawn to slip node. 45197_ Acquired Zio. Biocell. 45202_ Ended siege mode. [Achievement: Traitor] LOCATION=UNKNOWN GOAL=ESCAPE Map ----- +----------------------------------------------------+ | ????????????????????????????????????????????????? | | ????????????????????????????????????????????????? | | ????????????????????????????????????????????????? | | ????????????????????????????????????????????????? | | ????????????????????????????????????????????????? | | ????????????????????????????????????????????????? | | ????????????????????????????????????????????????? | | ????????????????????????????????????????????????? | | ????????????????????????????????????????????????? | | ????????????????????????????????????????????????? | | ????????????????????????????????????????????????? | | ????????????????????????????????????????????????? | | ????????????????????????????????????????????????? | | ????????????????????????????????????????????????? | | ????????????????????????????????????????????????? | | ????????????????????????????????????????????????? | | ????????????????????????????????????????????????? | | ????????????????????????????????????????????????? | | ????????????????????????????????????????????????? | | ????????????????????#???????????????????????????? | | ???????????????##??## ??????????????????????????? | | ???????????????# ## #?????????????????????????? | | ???????????????# #???????????##???????????? | | ????????????????# n##??### gm#???????????? | | ????????????????# # g????????????? | | ?????????????????# n @ #???????????????????? | | ?????????????????## ####???????????????????? | | ??????????????????## #??????????????????????? | | ???????????????????# ??????????????????????? | | ???????????????????## ##??????????????????????? | | ????????????????????####????????????????????????? | | ????????????????????????????????????????????????? | | ????????????????????????????????????????????????? | | ????????????????????????????????????????????????? | | ????????????????????????????????????????????????? | | ????????????????????????????????????????????????? | | ????????????????????????????????????????????????? | | ????????????????????????????????????????????????? | | ????????????????????????????????????????????????? | | ????????????????????????????????????????????????? | | ????????????????????????????????????????????????? | | ????????????????????????????????????????????????? | | ????????????????????????????????????????????????? | | ????????????????????????????????????????????????? | | ????????????????????????????????????????????????? | | ????????????????????????????????????????????????? | | ????????????????????????????????????????????????? | | ????????????????????????????????????????????????? | | | | | +----------------------------------------------------+ Best States ------------- Heat Dissipation 88 Coolant Potential 100 Energy Generation 55 Energy Capacity 1600 Matter Stores 300 Matter Capacity 300 Sight Range 22 Robot Scan Range 20 Terrain Scan Density 10 Additional Mass Support 20 Armor Coverage 850 Resistance: KI 15 Resistance: TH 15 Resistance: EX 15 Resistance: EM 75 Resistance: I 15 Resistance: S 15 Resistance: P 15 Core Shielding 20 Weapon Shielding 100 Weapon Cycling 20 Phase Shifting 8 Evasion (%) 50 Targeting Accuracy 8 Core Analysis 8 Armor Integrity Analysis 30 Recoil Reduction 4 Particle Charging 30 Kinecelleration 30 Offensive Hacking 12 Authchip Count 1 Item Schematics ----------------- Exp. Sensor Array | -9/Materials | Scanalyzed Lrn. Tractor Beam | -9/Materials | Scanalyzed Arm. Treads | -9/Materials | Scanalyzed Hrd. Heavy Armor Plating | -7/Factory | Scanalyzed Imp. Utility Shielding | -7/Factory | Scanalyzed Adv. Terrain Scanner | -7/Factory | Hacked Imp. KE Penetrator | -7/Zion | Archive Coil Gun | -7/Zion | Archive Mak. Leg | -7/Zion | Archive Imp. Melee Analysis Suite | -7/Zion | Archive Plasma Rifle | -7/Zion | Archive Beamcaster | -7/Zion | Archive Hvy. Battle Rifle | -7/Zion | Archive Imp. Dynamic Insulation System | -7/Zion | Archive Gravmag System | -7/Zion | Archive Hvy. Pick | -7/Zion | Archive Microactuators | -7/Zion | Archive Stasis Canceller | -7/Zion | Archive Force Booster | -7/Zion | Archive Thermic Laser | -7/Zion | Archive Xenon Bombardment Thruster | -7/Zion | Archive Wave Gun | -7/Zion | Archive Weapon Mount | -6/Extension | Hacked Hvy. Mass Driver | -5/Factory | Hacked Assault Drone Bay | -5/Zhirov | Free Exp. Heat Sink | -5/Zhirov | Free Exp. Optical Array | -5/Zhirov | Free Imp. Arc Thrower | -5/Zhirov | Free Robot Schematics ------------------ L-41 Fighter | -7/Zion | Archive T-07 Excavator | -7/Zion | Archive G-47 Trooper | -7/Zion | Archive Fabricated ------------ Adv. Force Field | x2 | -5/Factory | Preloaded Hvy. Mass Driver | x1 | -5/Factory Hrd. Heavy Armor Plating | x1 | -4/Factory Alien Tech Used ----------------- Integrated Reactor Dimensional Node Initializer Transdimensional Reconstructor Achievements -------------- Traitor Challenges ------------ None Game ------ Seed MeleeCooledReactor Manual? 1 Play Time 04:31:42 Cumulative 534.8 hours Start 2024.07.16 @ 17:24:53 End 2024.07.19 @ 00:33:49 Sessions 7 Manual Loads 0 Difficulty Rogue Special Mode None Game No. 189 Rogue 189 Adventurer 0 Explorer 0 Win Type - Total 24 Types 8/1/5/3/1/0/5/1/0 Lore% 92 Gallery% 94 Achievement% 85 Wizard Run 0 Options --------- Layout 2 ASCII 0 Keyboard 1 Movement Arrows Keybinds 0 Fullscreen 2 Font 24/X11 Map View 50x44 Zoom Use 0% Tactical HUD 1 Map Filters NONE Filters NONE Steam 1 RUN: e87781b5-ef0c-4a52-b932-3b5175b707c0